cohdb
Replays
Latest Replays
All Replays
Popular Replays
Top Player Replays
Match Explorer
How It Works
Community
CoH3 Stats
Reddit
Sign in to upload your games and track your stats! →
Sign in with Steam
Match 43208113
Unlisted
Match 43208113
Overview
Messages
Build Orders
End
Royal Engineer Section
Construct Section Command Post
Selects Indian Artillery Battlegroup
Dingo Light Scout Car
Infantry Section
Infantry Section
Infantry Section
Construct Platoon Command Post
CMP 15cwt Truck
Grenade Package
6-pounder Anti-tank Gun Team
Selects Artillery Saturation
Selects Valour
Unlock M3 Stuart Light Tanks
M3 Stuart Light Tank
Vickers Machine Gun Team
M3 Stuart Light Tank
6-pounder Anti-tank Gun Team
HAMMERfeuER
Sozialamt1.0
UH|dun! ツ
insane
0
0
Comments
sign in to comment!
No comments posted yet!